 Dungeon Crawl Stone Soup version 0.27.1-34-g3ba077fa99 (webtiles) character file.

Game seed: 211946031696651802

4711 Sharkman1231 the Arsonist (level 10, -3/62 HPs)
             Began as a Purple Draconian Fire Elementalist on Jan 22, 2022.
             Was a Believer of Hepliaklqana.
             Killed from afar by Erica (8 damage)
             ... with a bolt of poison
             ... on level 9 of the Dungeon.
             The game lasted 00:12:41 (11582 turns).

Sharkman1231 the Arsonist (DrFE)                   Turns: 11582, Time: 00:12:42

Health: -3/62      AC:  8    Str: 17    XL:     10   Next: 22%
Magic:  21/28      EV: 16    Int: 16    God:    Hepliaklqana [**....]
Gold:   405        SH:  5    Dex: 15    Spells: 16/21 levels left

rFire    . . .     SeeInvis .   C - +2 hand axe (elec)
rCold    . . .     Faith    .   (no shield)
rNeg     . . .     Spirit   .   (armour unavailable)
rPois    .         Reflect  +   (helmet restricted)
rElec    .         Harm     .   (no cloak)
rCorr    .         Rampage  .   (no gloves)
Will     +....                  y - +0 pair of boots "Loutaint" {Str+7}
Stlth    ++........             B - amulet of reflection
HPRegen  0.20/turn              f - ring of magical power
MPRegen  0.21/turn              u - +4 ring of evasion

@: lethally poisoned (-3 -> -24), short of breath
A: reduced essence, breathe power, AC +7, unfitting armour, cold-blooded
a: Breathe Dispelling Energy, Renounce Religion, Recall Ancestor, Ancestor
Identity


You were on level 9 of the Dungeon.
You worshipped Hepliaklqana.
Hepliaklqana was pleased with you.
You visited 1 branch of the dungeon, and saw 9 of its levels.

You collected 405 gold pieces.

Inventory:

Hand Weapons
 a - a +0 trident
 h - a +2 vorpal hand axe
 q - a +2 hand axe of draining
 z - a +2 dagger of flaming
 C - a +2 hand axe of electrocution (weapon)
Armour
 y - the +0 pair of boots "Loutaint" (worn) {Str+7}
   (You found it on level 7 of the Dungeon)

   Str:       It affects your strength (+7).
Magical Staves
 i - a staff of air
Jewellery
 f - a ring of magical power (left hand)
 u - a +4 ring of evasion (right hand)
 w - a ring of flight
 B - an amulet of reflection (around neck)
Wands
 s - a wand of iceblast (9)
 t - a wand of flame (11)
Scrolls
 b - 3 scrolls of teleportation
 c - 3 scrolls of magic mapping
 g - 2 scrolls of vulnerability
 j - 4 scrolls of enchant armour
 n - 3 scrolls of amnesia {unknown}
 o - 2 scrolls of torment {unknown}
 p - a scroll of summoning
 v - 2 scrolls of fear
 x - a scroll of blinking
 D - a scroll of silence {unknown}
Potions
 d - 2 potions of ambrosia
 e - 5 potions of curing
 k - a potion of berserk rage
 l - 2 potions of heal wounds
 m - a potion of mutation
 r - a potion of lignification
 A - a potion of degeneration
 E - a potion of brilliance {unknown}


   Skills:
 - Level 1.7 Dodging
 - Level 1.7 Stealth
 + Level 2.7 Unarmed Combat
 + Level 6.2 Spellcasting
 * Level 9.8 Conjurations
 * Level 10.2 Fire Magic


You had 16 spell levels left.
You knew the following spells:

 Your Spells              Type           Power      Damage    Failure   Level
a - Foxfire               Conj/Fire      100%       2x1d9     1%          1
b - Sticky Flame          Conj/Fire      37%        2d6       2%          4

Your spell library contained the following spells:

 Spells                   Type           Power      Damage    Failure   Level
 Magic Dart               Conj           100%       1d8       1%          1
 Conjure Flame            Conj/Fire      37%        6-21      1%          3
 Inner Flame              Hex/Fire       21%        N/A       4%          3
 Stone Arrow              Conj/Erth      40%        3d9       5%          3
 Fireball                 Conj/Fire      18%        3d9       6%          5
 Ignite Poison            Fire/Tmut/Pois 15%        N/A       10%         3
 Mephitic Cloud           Conj/Pois/Air  15%        N/A       11%         3
 Sandblast                Erth           10%        2d5       14%         1
 Sting                    Tmut/Pois      20%        1d4       14%         1
 Call Imp                 Summ           5%         N/A       21%         2
 Passwall                 Tmut/Erth      4%         N/A       21%         2
 Poisonous Vapours        Pois/Air       10%        N/A       21%         2
 Summon Guardian Golem    Hex/Summ       5%         N/A       38%         3
 Olgreb's Toxic Radiance  Pois           5%         N/A       80%         4
 Summon Ice Beast         Ice/Summ       5%         N/A       80%         4
 Lee's Rapid Deconstruct  Erth           2%         3d6*      98%         5
 Lehudib's Crystal Spear  Conj/Erth      10%        10d4      100%        8
 Animate Armour           Summ/Erth      Unusable   N/A       N/A         4

Dungeon Overview and Level Annotations

Branches:
Dungeon (9/15)             Temple (0/1) D:7
   Lair: D:8-11         Orc: D:9-12

Altars:
Ashenzari
Fedhas
Hepliaklqana
Kikubaaqudgha
Okawaru
Yredelemnul

Shops:
D:1 !

Annotations:
D:9 Erica


Innate Abilities, Weirdness & Mutations

Your life essence is reduced to manifest your ancestor. (-10% HP)
You can breathe bolts of dispelling energy.
Your rich purple scales are hard. (AC +7)
You cannot fit into any form of body armour.
You are cold-blooded and may be slowed by cold attacks.


Message History

You breathe a bolt of dispelling energy.
The bolt of dispelling energy hits Erica.
Erica is lightly wounded.
Erica's magical effects unravel!
You feel sick. Erica barely misses you.
Thulani hits Erica with a +0 quarterstaff!!
You are too injured to fight recklessly!
You are too injured to fight recklessly!
Unknown command.
Casting: Sticky Flame (dangerous; 2% risk of failure)
Confirm with . or Enter, or press ? or * to list all spells.
Aiming: Sticky Flame (dangerous; 2% risk of failure)
Press: ? - help, Shift-Dir - straight line, f/p - Erica
Aim: Erica, wielding a +4 scimitar of flaming and wearing a +2 robe of cold resistance (heavily wounded, ally target, 100% to hit)
The sticky flame hits Erica.
Erica is heavily wounded.
Erica is covered in liquid flames!
You feel sick.
Erica burns!
Erica hits you with a +4 scimitar of flaming.
* * * LOW HITPOINT WARNING * * *
Erica burns you.
* * * LOW HITPOINT WARNING * * *
Thulani closely misses Erica.
You slash Erica!
Erica is severely wounded.
You feel sick.
Erica burns!
Erica hits you with a +4 scimitar of flaming!
* * * LOW HITPOINT WARNING * * *
Erica burns you.
* * * LOW HITPOINT WARNING * * *
Thulani casts a spell at Erica.
The puff of frost hits Erica.
Erica resists.
Erica casts a spell at Thulani.
Thulani resists with significant effort.
Thulani hits Erica with a +0 quarterstaff!
You feel sick.
Erica burns!
Erica gestures at Thulani while chanting.
The bolt of poison hits Thulani.
Thulani completely resists.
The bolt of poison hits you!
You are lethally poisoned!
You die...

#......# # #......# ###
#.. #......# #.. ##..
#.(....# #.# .....
#......# #####.# #...
#......# #.....# #....
#......# #.....#
##....##......# #.....#
......@R@..########......
###.##...###.).........##
.....)..............†....
###.##...###.#######†####
#.>...## #.#######<####
#.###.# #.......#..).. ..
#.# #######.####)# ! #.#
#.# ..# #.#


You could see the friendly Thulani the battlemage and Erica (burning, ally
target).

Vanquished Creatures
  A centaur zombie (D:6)
  Grinder (D:3)
  A wraith (D:8)
  Sigmund (D:3)
  A wyvern (D:8)
  2 vampire mosquitoes (D:7)
  2 water moccasins
  An orc warrior (D:6)
  A sky beast (D:6)
  A black bear (D:8)
  An ice beast (D:5)
  A necrophage (D:6)
  A centaur (D:8)
  A phantom (D:4)
  A bullfrog (D:6)
  A gnoll sergeant (D:4)
  A water moccasin skeleton (D:5)
  3 killer bees (D:9)
  3 wights (D:7)
  A howler monkey (D:4)
  7 orc priests
  A hound (D:3)
  A jelly (D:4)
  2 bullfrog skeletons
  A bullfrog zombie (D:5)
  A centaur skeleton (D:6)
  Jessica (D:2)
  Natasha (thrice) (D:3)
  An iguana (D:5)
  9 orc wizards
  2 howler monkey zombies
  9 gnolls
  7 adders
  6 worms
  3 dart slugs
  17 orcs
  8 endoplasms
  3 giant cockroaches
  5 hobgoblins
  8 jackals (D:2)
  6 kobolds
  A quokka (D:5)
  8 ball pythons
  3 bats
  4 frilled lizards
  4 goblins
  6 rats
153 creatures vanquished.

Vanquished Creatures (collateral kills)
  An obsidian statue (D:9)
  Joseph (D:9)
  A wyvern (D:9)
  An ice beast (D:8)
  A phantom (D:7)
  A wight (D:7)
  A centaur zombie (D:9)
  An orc wizard (D:8)
  A shadow imp (D:7)
  6 orcs
15 creatures vanquished.

Vanquished Creatures (others)
  A wight (D:7)
  319 foxfires
  7 plants (D:2)
327 creatures vanquished.

Grand Total: 495 creatures vanquished

Notes
Turn   | Place    | Note
-------+----------+-------------------------------------------
     0 | D:1      | Sharkman1231 the Draconian Fire Elementalist began the
                  | quest for the Orb.
     0 | D:1      | Reached XP level 1. HP: 14/14 MP: 3/3
   272 | D:1      | Reached XP level 2. HP: 20/20 MP: 5/5
   619 | D:1      | Found Owileoss's Distillery.
  1293 | D:2      | Reached XP level 3. HP: 26/26 MP: 6/6
  2070 | D:2      | Noticed Jessica
  2077 | D:2      | Killed Jessica
  2078 | D:2      | Reached skill level 4 in Fire Magic
  2078 | D:2      | Reached XP level 4. HP: 33/33 MP: 7/7
  2256 | D:2      | Found a faded altar of an unknown god.
  2633 | D:3      | HP: 1/33 [gnoll (11)]
  2955 | D:3      | Noticed Natasha
  3106 | D:3      | Killed Natasha
  3107 | D:3      | Reached XP level 5. HP: 19/38 MP: 8/8
  3513 | D:3      | Noticed Sigmund
  3532 | D:3      | Killed Sigmund
  3533 | D:3      | Reached skill level 5 in Fire Magic
  3533 | D:3      | Reached XP level 6. HP: 18/45 MP: 8/9
  3732 | D:3      | Noticed Natasha
  3739 | D:3      | Killed Natasha
  3931 | D:3      | Noticed Natasha
  3936 | D:3      | Killed Natasha
  4122 | D:3      | Noticed Grinder
  4123 | D:3      | Paralysed by Grinder for 4 turns
  4142 | D:3      | Killed Grinder
  4143 | D:3      | Reached skill level 5 in Conjurations
  4143 | D:3      | Reached skill level 6 in Fire Magic
  4143 | D:3      | Your scales start taking on a rich purple colour.
  4143 | D:3      | Reached XP level 7. HP: 29/50 MP: 10/10
  4559 | D:4      | Learned a level 4 spell: Sticky Flame
  5717 | D:4      | Found an ancient bone altar of Kikubaaqudgha.
  5775 | D:5      | Entered Level 5 of the Dungeon
  5784 | D:5      | Reached skill level 7 in Fire Magic
  5792 | D:5      | Reached XP level 8. HP: 39/57 MP: 4/12
  6602 | D:5      | Found a hazy altar of Hepliaklqana.
  6677 | D:5      | Found a basalt altar of Yredelemnul.
  6677 | D:5      | Found a blossoming altar of Fedhas.
  6950 | D:6      | Found an iron altar of Okawaru.
  7020 | D:5      | Became a worshipper of Hepliaklqana the Forgotten
  7108 | D:6      | Reached skill level 8 in Fire Magic
  8076 | D:6      | Reached XP level 9. HP: 48/62 MP: 16/16
  8675 | D:7      | Reached skill level 5 in Spellcasting
  8675 | D:7      | Reached skill level 9 in Fire Magic
  8935 | D:7      | Reached * piety under Hepliaklqana
  8952 | D:7      | Identified the +0 pair of boots "Loutaint" {Str+7}
  9633 | D:7      | Found a staircase to the Ecumenical Temple.
  9674 | D:7      | Found a broken altar of Ashenzari.
  9988 | D:8      | Reached skill level 1 in Unarmed Combat
 10299 | D:8      | Reached ** piety under Hepliaklqana
 10300 | D:8      | Remembered your ancestor Thulani as a battlemage
 11010 | D:9      | Noticed Joseph
 11018 | D:9      | Killed Joseph
 11019 | D:9      | Reached XP level 10. HP: 17/62 MP: 19/19
 11206 | D:9      | Noticed an obsidian statue
 11336 | D:9      | Killed an obsidian statue
 11337 | D:9      | Reached skill level 10 in Fire Magic
 11338 | D:9      | Got the Volume of Fiery Summoning
 11557 | D:9      | Noticed Erica
 11582 | D:9      | Killed from afar by Erica

Illustrated notes

Levels and vault maps discovered:
D:1:      psy_arrival_heroes, layout_basic, serial_shops, nicolae_shop_trees,
          minmay_box_of_dots
D:2:      layout_basic, dilly_ecumenical_altar_fadedgnrine, uniq_jessica
D:3:      layout_loops_cross, uniq_grinder, uniq_sigmund, uniq_natasha
D:4:      layout_basic, lemuel_coloured_pillars_altar
D:5:      layout_cave_pools, worldfamousw_hep_ancestral_shrine,
          amethyst_overflow_temple_binary
D:6:      layout_basic, okawaru_trees_2
D:7:      layout_basic, nicolae_ashenzari_skybound, lemuel_temple_firewalk_b
D:8:      layout_basic
D:9:      minmay_statue_hallways, layout_basic, serial_shops, shop, the_hattery,
          uniq_erica, uniq_joseph

Skill      XL: |  1  2  3  4  5  6  7  8  9 10 |
---------------+-------------------------------+-----
Conjurations   | 2 3 4 5 6 8 9 |  9.8
Fire Magic     | 4 5 6 7 8 9 10 | 10.2
Spellcasting   | 4 6 |  6.2
Unarmed Combat | 2 |  2.7
Dodging        | |  1.7
Stealth        | |  1.7

Action                   |  1- 3 |  4- 6 |  7- 9 | 10-12 || total
-------------------------+-------+-------+-------+-------++-------
Melee: Dagger            |    62 |    50 |   149 |       ||   261
       Tailslap          |    11 |     4 |    29 |     2 ||    46
       Unarmed           |     1 |       |       |       ||     1
       Hand axe          |       |       |    37 |    17 ||    54
       Trident           |       |       |    12 |       ||    12
       Punch             |       |       |     1 |       ||     1
 Cast: Foxfire           |    30 |    63 |    91 |       ||   184
       Sticky Flame      |       |       |    26 |     5 ||    31
Invok: Ancestor Life: Ba |       |       |     1 |       ||     1
 Abil: Breathe Dispellin |       |       |       |     1 ||     1
  Use: Potion            |       |     3 |       |       ||     3
       Scroll            |       |     5 |     8 |       ||    13
 Stab: Sleeping          |     4 |     1 |     4 |       ||     9
       Distracted        |       |       |     1 |       ||     1
Armor: Skin              |    20 |    15 |    69 |     2 ||   106
Dodge: Dodged            |    43 |    45 |   186 |    23 ||   297
Block: Other             |       |       |    16 |     6 ||    22
